 Dungeon Crawl Stone Soup version 0.31.0-11-ge490571c62 (webtiles) character file.

Game seed: 2256827498911094696

3796 nightchill the Cleaver (level 9, 0/89 HPs)
             Began as a Minotaur Fighter on Jan 30, 2024.
             Was an Initiate of Hepliaklqana.
             Slain by an orc warrior
             ... wielding a +0 glaive
              (13 damage)
             ... in a bailey on Jan 31, 2024.
             The game lasted 00:14:18 (6871 turns).

nightchill the Cleaver (Minotaur Fighter)           Turns: 6871, Time: 00:14:19

Health: 0/89       AC:  8    Str: 24    XL:     9   Next: 96%
Magic:  0/8        EV:  9    Int:  5    God:    Hepliaklqana [......]
Gold:   614        SH:  4    Dex: 11    Spells: 8/8 levels left

rFire   + . .        a - +0 war axe
rCold   . . .        c - +0 buckler
rNeg    . . .        b - +0 scale mail
rPois   .            J - +0 hat
rElec   .            r - +0 cloak
rCorr   .            (no gloves)
SInv    .            (no boots)
Will    .....        k - amulet of guardian spirit Stlth
                     e - ring of protection from fire
HPRegen 0.34/turn    (no ring)
MPRegen 0.11/turn

%: guardian spirit
@: mighty
A: horns 2, retaliatory headbutt
a: Renounce Religion


You were in a bailey.
You worshipped Hepliaklqana.
Hepliaklqana was noncommittal.
You visited 1 branch of the dungeon, and saw 7 of its levels.
You also visited: Sewer, Ossuary and Bailey.

You collected 614 gold pieces.

Inventory:

Hand Weapons
 a - a +0 war axe (weapon)
 j - a +2 mace of protection
Missiles
 p - 2 curare-tipped darts (quivered)
Armour
 b - a +0 scale mail (worn)
 c - a +0 buckler (worn)
 r - a +0 cloak (worn)
 J - a +0 hat (worn)
Jewellery
 e - a ring of protection from fire (left hand)
 k - an amulet of guardian spirit (around neck)
 G - a ring of fire
 H - a ring of fire
Wands
 q - a wand of digging (5)
 w - a wand of flame (21)
Scrolls
 f - 4 scrolls of teleportation
 g - 2 scrolls of immolation {unknown}
 h - a scroll of enchant armour {unknown}
 i - 2 scrolls of amnesia {unknown}
 v - a scroll of vulnerability {unknown}
 y - a scroll of enchant weapon {unknown}
 z - a scroll of fear {unknown}
 D - a scroll of silence {unknown}
 I - a scroll of blinking {unknown}
Potions
 d - 3 potions of might
 l - a potion of resistance {unknown}
 m - 4 potions of brilliance
 n - 2 potions of magic
 o - a potion of invisibility {unknown}
 s - a potion of haste {unknown}
 t - 5 potions of mutation
 u - a potion of berserk rage {unknown}
 x - a potion of ambrosia
 A - 2 potions of lignification {unknown}
 B - 4 potions of curing
 C - a potion of enlightenment
 E - 3 potions of heal wounds {unknown}
 F - a potion of attraction {unknown}


   Skills:
 + Level 11.3 Fighting
 * Level 13.3 Axes
 - Level 3.6 Armour
 - Level 3.6 Shields


You had 8 spell levels left.
You didn't know any spells.
Your spell library contained the following spells:

 Spells                   Type           Power      Damage    Failure   Level
 Necrotise                Necr           0%         1d4       83%         1
 Dazzling Flash           Conj/Hex       0%         N/A       99%         3
 Vampiric Draining        Necr           0%         2d6       99%         3
 Volatile Blastmotes      Fire/Tloc      0%         2d10      99%         3
 Cause Fear               Hex            0%         N/A       100%        4
 Leda's Liquefaction      Alch/Erth      0%         N/A       100%        4
 Martyr's Knell           Necr/Summ      0%         N/A       100%        4
 Olgreb's Toxic Radiance  Alch           0%         N/A       100%        4
 Curse of Agony           Necr           0%         N/A       100%        5
 Fireball                 Conj/Fire      0%         3d3       100%        5
 Freezing Cloud           Conj/Ice/Air   0%         6-21      100%        5
 Starburst                Conj/Fire      0%         6d3       100%        6
 Ozocubu's Refrigeration  Ice            0%         4d7       100%        7
 Discord                  Hex            0%         N/A       100%        8
 Maxwell's Capacitive Co  Air            0%         ∞         100%        8
 Dragon's Call            Summ           0%         N/A       100%        9
 Polar Vortex             Ice            0%         N/A       100%        9


Dungeon Overview and Level Annotations

Branches:
Dungeon (7/15)             Temple (0/1) D:7           Sewer (visited)
Ossuary (visited)          Bailey (1/1)

Altars:
Hepliaklqana
Makhleb
Qazlal
Sif Muna
Wu Jian
The Shining One

Shops:
D:6 !


Innate Abilities, Weirdness & Mutations

You have a pair of horns on your head.
You reflexively headbutt those who attack you in melee.


Message History

You hear a shout!
An orc comes into view. It is wielding a +0 halberd.
Something unseen opens the door.
The orc knight roars a battlecry!
The orcs go into a battle-frenzy!
Things that are here:
a +0 halberd; a +0 ring mail; an orc corpse You feel very mighty all of a sudden.
The orc knight hits you with a +0 trident.
The orc warrior hits you from afar with a +0 glaive!
You closely miss the orc knight. You headbutt the orc knight!
The orc knight is lightly wounded.
The orc knight roars a battlecry!
The orc warrior hits you from afar with a +0 glaive!
You slash the orc knight! You headbutt the orc knight!
The orc knight is heavily wounded.
You block the orc knight's attack. The orc warrior closely misses you.
You closely miss the orc knight. You headbutt the orc knight!!
The orc knight is severely wounded.
The orc warrior hits you from afar with a +0 glaive!!
You hit the orc knight.
The orc knight is severely wounded.
The orc warrior hits you from afar with a +0 glaive!!
* * * LOW HITPOINT WARNING * * *
The orc warrior barely misses you.
You slice the orc knight!!
You kill the orc knight!
You hear a splash. x2
The orc warrior hits you from afar with a +0 glaive!
* * * LOW HITPOINT WARNING * * *
The orc warrior hits you from afar with a +0 glaive!
* * * LOW HITPOINT WARNING * * *
Your Axes skill increases to level 13!
Okay, then.
Okay, then.
You enter the shallow water.
Moving in this stuff is going to be slow.
The orc warrior attacks as it pursues you!
The orc warrior hits you from afar with a +0 glaive!
You die...

##..~~...
##########o.~~..#
#..........~~..##
#.~~~~)~~~~~..#
#.~....oo.o..#
#.~o#########'#
#oo.## §.§
#.~..## §≈§≈≈
#@~~..##


§§ooo #∩.)~..# .o.o∩ ##.~~..#+# §§..⌠ #.~)).##.## ... #.~..##... #.~.##.....
#.~.########## #.~..........## #.~~~~~~~~~~..## You could see 2 orc warriors and
an orc (strong).

Vanquished Creatures
  An orc knight (Bailey)
  Pikel (D:6)
  Eustachio (D:5)
  3 steam dragons
  2 water moccasins (D:5)
  An ice beast (D:5)
  2 sky beasts
  4 lemures (D:6)
  2 centaurs (D:7)
  2 kobold brigands (Sewer)
  3 bullfrogs
  2 scorpions
  7 wights (D:6)
  A vampire bat (D:5)
  2 hounds (D:5)
  3 jellies
  2 orc priests
  A sleepcap (D:5)
  5 iguanas
  4 orc wizards
  8 mummies (Ossuary)
  3 gnolls (D:3)
  A river rat (D:3)
  6 adders
  A shadow imp (D:7)
  2 white imps
  2 ufetubi (D:7)
  6 ribbon worms
  2 dart slugs
  3 fire bats (D:5)
  32 orcs
  2 spectral bats (D:5)
  3 bat skeletons (D:5)
  A bat zombie (D:5)
  13 endoplasms
  5 giant cockroaches
  3 gnoll zombies (Ossuary)
  7 goblins
  3 hobgoblins
  6 quokkas
  6 ball pythons
  14 bats
  A bat simulacrum (D:5)
  4 frilled lizards
  2 hobgoblin zombies (Ossuary)
  18 kobolds
  2 kobold zombies (Ossuary)
  An orc zombie (Ossuary)
  6 rats
212 creatures vanquished.

Vanquished Creatures (others)
  2 orcs (D:6)
2 creatures vanquished.

Grand Total: 214 creatures vanquished

Notes
Turn   | Place    | Note
-------+----------+-------------------------------------------
     0 | D:1      | nightchill the Minotaur Fighter began the quest for the
                  | Orb.
     0 | D:1      | Reached XP level 1. HP: 19/19 MP: 0/0
    78 | D:1      | Reached skill level 3 in Axes
    78 | D:1      | Reached XP level 2. HP: 22/27 MP: 1/1
   370 | D:1      | Reached XP level 3. HP: 34/34 MP: 2/2
   418 | D:1      | Found a faded altar of an unknown god.
   934 | D:2      | Reached skill level 4 in Axes
   934 | D:2      | Reached XP level 4. HP: 39/41 MP: 3/3
  1017 | D:2      | Reached skill level 5 in Fighting
  1482 | D:3      | Found a glowing drain.
  1505 | Sewer    | Entered a sewer
  1564 | Sewer    | Noticed a kobold brigand
  1569 | Sewer    | Killed a kobold brigand
  1570 | Sewer    | Reached skill level 5 in Axes
  1570 | Sewer    | Reached XP level 5. HP: 50/50 MP: 4/4
  1646 | Sewer    | Reached XP level 6. HP: 17/58 MP: 1/5
  2250 | D:3      | Reached skill level 6 in Axes
  2297 | D:3      | Found a shimmering blue altar of Sif Muna.
  2493 | D:3      | Got Sif Muna's Annotations on the Frigid Ground
  3236 | D:5      | Entered Level 5 of the Dungeon
  3290 | D:5      | Reached XP level 7. HP: 43/66 MP: 4/6
  3301 | D:5      | Noticed Eustachio
  3350 | D:5      | Killed Eustachio
  3351 | D:5      | Reached skill level 7 in Axes
  3671 | D:5      | Reached skill level 8 in Axes
  3677 | D:5      | Found a sand-covered staircase.
  3683 | Ossuary  | Entered an ossuary
  3841 | Ossuary  | Reached XP level 8. HP: 58/75 MP: 5/7
  4107 | D:5      | Reached skill level 9 in Axes
  4984 | D:6      | Reached skill level 10 in Axes
  5342 | D:6      | Identified the +1 flail of Zeycula {heavy, rN+}
  5509 | D:6      | Found Jial's Distillery.
  5564 | D:6      | Reached XP level 9. HP: 68/85 MP: 6/8
  5669 | D:6      | Found a glowing golden altar of the Shining One.
  5669 | D:6      | Found a stormy altar of Qazlal.
  5675 | D:6      | Found a hazy altar of Hepliaklqana.
  5677 | D:6      | Found an ornate altar of the Wu Jian Council.
  5678 | D:6      | Found a burning altar of Makhleb.
  5690 | D:6      | Became a worshipper of Hepliaklqana the Forgotten
  5738 | D:6      | Reached skill level 11 in Axes
  5751 | D:6      | Reached skill level 10 in Fighting
  5965 | D:6      | Noticed Pikel
  6035 | D:6      | Killed Pikel
  6036 | D:6      | Reached skill level 12 in Axes
  6596 | D:7      | Found a staircase to the Ecumenical Temple.
  6661 | D:7      | Found a flagged portal.
  6715 | Bailey   | Entered a bailey
  6846 | Bailey   | Noticed an orc knight
  6869 | Bailey   | Killed an orc knight
  6870 | Bailey   | Reached skill level 13 in Axes
  6871 | Bailey   | Slain by an orc warrior

Illustrated notes

Levels and vault maps discovered:
D:1:      onia_arrival_pentagram, layout_rooms,
          shapermc_ecumenical_altar_mp_urbaneastern
D:2:      layout_basic, minmay_misc_feat_tiny, st_stairs_2,
          nicolae_kite_square_tiling_tiny, kennysheep_flooded_box
D:3:      layout_rooms, hellmonk_sif_muna_bookshelves, gup_sewer_entry_bubbles
D:4:      layout_basic, interstate_on_off
D:5:      layout_basic, nicolae_ossuary_entry_plus, goddamned_bats,
          uniq_eustachio
D:6:      layout_basic, chequers_temple_overflow_minitemple, serial_shops,
          nicolae_shop_gibbet_a_chance, uniq_pikel
D:7:      layout_loops_corners, temple_fountains, enter_bailey_6
Bailey:   bailey_polearm_1, bailey

Skill      XL: |  1  2  3  4  5  6  7  8  9 |
---------------+----------------------------+-----
Fighting       | 4 6 7 8 9 11 | 11.3
Axes           | 3 4 5 6 8 10 13 | 13.3
Armour         | |  3.6
Shields        | |  3.6

Action                     |  1- 3 |  4- 6 |  7- 9 || total
---------------------------+-------+-------+-------++-------
  Melee: War axe           |    80 |   163 |   308 ||   551
         Headbutt          |    11 |    21 |    55 ||    87
    Use: Scroll            |       |       |     7 ||     7
         Potion            |       |       |     2 ||     2
 Armour: Scale mail        |    41 |   128 |   245 ||   414
  Dodge: Dodged            |    45 |    69 |   133 ||   247
  Block: Buckler           |    18 |    32 |    47 ||    97
